AoeStats
← Jazzmushroom

Black Forest

508802749Analyzed
4v4 RM · 8d ago on Sep 24, 2026· 45m 49s· 8 players
Game mode
Random Map
Map size
Large (8 player)
Population
200
Speed
Normal
Resources
Standard
Victory
Conquest
Starting age
Dark Age
Ending age
Imperial Age
RankedLock teamsTeams togetherTeam positionsShared explorationLock speedFull tech treeHidden civsTurbo modeCheats
Victory
Defeat
🇺🇸 Varangians · United States
1412
+15
🇨🇳 Britons · China
1362
+17
🇨🇦 Spanish · Canada
1324
+18
🇹🇼 Mongols · Taiwan
1322
+19
🇺🇸 Saxons · United States
1488
-22
🇦🇺 Lithuanians · Australia
1395
-18
🇺🇸 Varangians · United States
1330
-15
🇺🇸 Danes · United States
1313
-14
virttuallG
0:53 Loom
11:29 Feudal Age
13:34 Fletching
16:59 Castle Age
16:27 Padded Archer Armor
17:36 Bodkin Arrow
17:11 Crossbowman
21:36 Wheelbarrow
21:36 Double-Bit Axe
25:12 Horse Collar
26:35 Bow Saw
28:32 Town Watch
30:44 Hand Cart
33:57 Imperial Age
32:46 Stone Mining
32:51 Gold Mining
33:06 Heavy Plow
33:29 Scale Barding Armor
33:38 Forging
35:08 Stone Shaft Mining
34:39 Scale Barding Armor
35:11 Iron Casting
36:09 Chain Barding Armor
37:08 Conscription
37:54 Blast Furnace
37:38 Bracer
40:16 Elite Jarl
43:16 Plate Barding Armor
43:47 Blast Furnace
43:23 Plate Barding Armor
你顶住我发展
4:51 Loom
13:22 Feudal Age
14:19 Double-Bit Axe
14:16 Horse Collar
17:56 Castle Age
22:25 Imperial Age
20:55 Bow Saw
20:47 Heavy Plow
21:07 Gold Mining
22:49 Ballistics
22:20 Fletching
23:08 Wheelbarrow
25:12 Bodkin Arrow
26:16 Hand Cart
26:22 Pikeman
28:47 Yeomen
29:55 Squires
31:16 Chemistry
32:46 Bracer
32:47 Padded Archer Armor
33:37 Conscription
33:08 Halberdier
33:54 Scale Mail Armor
34:13 Arson
36:11 Chain Mail Armor
36:12 Leather Archer Armor
37:06 Town Watch
40:15 Plate Mail Armor
40:42 Stone Mining
41:43 Caravan
42:14 Coinage
43:47 Ring Archer Armor
43:27 Forging
43:53 Gambesons
43:57 Elite Longbowman
44:40 Warwolf
45:36 Guilds
46:48 Hoardings
Bugzy
0:33 Loom
13:47 Feudal Age
17:56 Castle Age
16:21 Double-Bit Axe
38:59 Imperial Age
39:51 Padded Archer Armor
39:24 Elite Conquistador
飛衫走奶
10:39 Feudal Age
12:16 Loom
14:46 Castle Age
15:03 Double-Bit Axe
15:00 Horse Collar
21:47 Wheelbarrow
23:27 Hand Cart
24:06 Fletching
26:42 Bodkin Arrow
26:49 Padded Archer Armor
27:41 Gold Mining
27:43 Stone Mining
32:52 Imperial Age
32:13 Leather Archer Armor
32:12 Bow Saw
33:17 Ballistics
32:55 Elite Mangudai
34:01 Bracer
35:03 Chemistry
34:00 Murder Holes
35:05 Forging
35:02 Scale Barding Armor
35:24 Heavy Plow
35:49 Conscription
35:51 Drill
37:03 Husbandry
37:15 Bloodlines
36:26 Light Cavalry
37:42 Iron Casting
37:28 Chain Barding Armor
39:24 Blast Furnace
37:52 Hussar
41:28 Nomads
Treebeard49
10:19 Feudal Age
11:32 Loom
15:02 Castle Age
13:46 Double-Bit Axe
14:42 Horse Collar
17:10 Bow Saw
17:52 Wheelbarrow
21:56 Gold Mining
24:27 Hand Cart
25:59 Scale Barding Armor
26:05 Forging
30:11 Imperial Age
28:15 Bloodlines
28:06 Husbandry
29:16 Chain Barding Armor
31:41 Plate Barding Armor
32:06 Iron Casting
30:53 Cavalier
32:41 Stone Mining
33:40 Vendel Legacy
34:45 Conscription
35:50 Blast Furnace
37:00 Light Cavalry
40:19 Hussar
ShiftyShnike
2:52 Loom
10:10 Feudal Age
11:34 Man-at-Arms
12:39 Arson
12:47 Double-Bit Axe
17:22 Horse Collar
18:38 Fletching
25:30 Castle Age
27:08 Fortified Wall
29:55 Imperial Age
28:03 Scale Mail Armor
29:01 Chain Mail Armor
29:13 Bodkin Arrow
31:03 Bracer
34:55 Wheelbarrow
44:47 Hand Cart
44:35 Heavy Plow
Jazzmushroom
7:34 Loom
11:37 Feudal Age
12:38 Double-Bit Axe
12:36 Horse Collar
17:02 Castle Age
17:03 Wheelbarrow
17:58 Bow Saw
18:06 Heavy Plow
19:06 Stone Mining
20:23 Hand Cart
23:45 Gold Mining
23:59 Squires
23:47 Arson
25:40 Gold Shaft Mining
25:15 Scale Mail Armor
25:26 Forging
28:14 Chain Mail Armor
27:52 Fletching
28:18 Chain Mail Armor
28:38 Iron Casting
29:16 Town Watch
33:04 Imperial Age
31:08 Bodkin Arrow
33:14 Northmen's Fury
34:27 Conscription
33:59 Onager
35:52 Plate Mail Armor
36:24 Blast Furnace
36:58 Chemistry
36:43 Siege Onager
38:23 Siege Engineers
39:30 Elite Jomsviking
Texas Mil
0:45 Loom
13:35 Feudal Age
18:26 Castle Age
16:43 Horse Collar
17:17 Double-Bit Axe
20:39 Sanctity
27:00 Redemption
30:24 Elite Skirmisher
Connection lost

Rejoining the realm…

Still unreachable

The connection could not be restored.

Session expired

The server has moved on; the page needs a fresh start.